 Dungeon Crawl Stone Soup version 0.31.0-11-ge490571c62 (webtiles) character file.

Game seed: 18174659906396765123

14098 Ijustatesigmund the Blocker (level 12, 0/77 HPs)
             Began as a Gargoyle Fighter on Jan 30, 2024.
             Was an Elder of Vehumet.
             Slain by a two-headed ogre
             ... wielding a +0 giant spiked club
              (15 damage)
             ... on level 11 of the Dungeon.
             The game lasted 00:32:15 (14571 turns).

Ijustatesigmund the Blocker (Gargoyle Fighter)     Turns: 14571, Time: 00:32:16

Health: 0/77       AC: 21    Str: 26    XL:     12   Next: 12%
Magic:  19/19      EV: 10    Int: 14    God:    Vehumet [****..]
Gold:   141        SH: 12    Dex:  9    Spells: 19/20 levels left

rFire   . . .        a - +4 morningstar (venom)
rCold   . . .        c - +1 kite shield
rNeg    + . .        b - +0 scale mail
rPois   ∞            (no helmet)
rElec   +            d - +1 cloak
rCorr   .            (no gloves)
SInv    +            n - +1 pair of boots of Modesty {Fly Slay+3}
Will    .....        (no amulet) Stlth
                     i - +6 ring of strength
HPRegen 0.32/turn    p - ring of see invisible
MPRegen 0.16/turn

%: no passive effects
@: flying, studying Shields
A: sickness immunity, AC +8, negative energy resistance 1, electricity
resistance, torment resistance 1, petrification resistance
a: Renounce Religion


You were on level 11 of the Dungeon.
You worshipped Vehumet.
Vehumet was greatly pleased with you.
You visited 2 branches of the dungeon, and saw 12 of its levels.
You also visited: Bailey.

You collected 1119 gold pieces.
You spent 978 gold pieces at shops.

Inventory:

Hand Weapons
 a - a +4 morningstar of venom (weapon)
Armour
 b - a +0 scale mail (worn)
 c - a +1 kite shield (worn)
 d - a +1 cloak (worn)
 n - the +1 pair of boots of Modesty (worn) {Fly Slay+3}
   (You bought it in a shop on level 11 of the Dungeon)

   Slay+3:    It affects your accuracy & damage with ranged weapons and melee
   (+3).
   Fly:       It grants you flight.
Jewellery
 f - a ring of fire
 g - the amulet "Keistuty" {RegenMP rPois Will- MP+9 Dex+5}
   (You found it in a bailey)

   [amulet of magic regeneration]

   RegenMP:   It increases your rate of magic regeneration.
   Dex+5:     It affects your dexterity (+5).
   rPois:     It protects you from poison Will-: It decreases your willpower.
   MP+9:      It affects your magic capacity (+9).
 h - a +6 ring of strength
 i - a +6 ring of strength (left hand)
 l - a ring of positive energy
 o - a ring of ice
 p - a ring of see invisible (right hand)
Wands
 q - a wand of roots (2)
 v - a wand of paralysis (1)
 y - a wand of mindburst (7)
Scrolls
 j - 4 scrolls of fog
 r - 5 scrolls of teleportation
 t - 7 scrolls of identify
 w - 4 scrolls of noise
 x - a scroll of vulnerability
Potions
 e - 3 potions of brilliance
 k - 2 potions of mutation
 m - 6 potions of enlightenment
 s - 2 potions of attraction
 u - a potion of haste


   Skills:
 + Level 10.2 Fighting
 - Level 8.1 Maces & Flails
 - Level 8.0 Armour
 - Level 4.0 Dodging
 + Level 11.5 Shields
 - Level 4.8 Spellcasting
 - Level 5.7 Conjurations
 - Level 5.5 Earth Magic
 + Level 3.0 Evocations


You had 19 spell levels left.
You knew the following spells:

 Your Spells              Type           Power      Damage    Failure   Level
a - Sandblast             Erth           38%        2d10      1%          1

Your spell library contained the following spells:

 Spells                   Type           Power      Damage    Failure   Level
 Inner Flame              Hex/Fire       3%         N/A       41%         3
 Sting                    Conj/Alch      44%        1d5       5%          1
 Hailstorm                Conj/Ice       11%        3d6       14%         3
 Freeze                   Ice            12%        1d3       16%         1
 Frozen Ramparts          Ice            6%         1d1       41%         3
 Iskenderun's Mystic Bla  Conj/Tloc      11%        2d4       41%         4
 Jinxbite                 Hex            6%         N/A       65%         2
 Tukima's Dance           Hex            3%         N/A       87%         3
 Yara's Violent Unravell  Hex/Alch       1%         3d3       97%         5
 Anguish                  Hex/Necr       1%         N/A       99%         4
 Cause Fear               Hex            1%         N/A       99%         4
 Dimensional Bullseye     Hex/Tloc       1%         N/A       99%         4
 Passage of Golubria      Tloc           3%         N/A       99%         4
 Silence                  Hex/Air        1%         N/A       100%        5
 Enfeeble                 Hex            1%         N/A       100%        7
 Lehudib's Crystal Spear  Conj/Erth      9%         10d4      100%        8


Dungeon Overview and Level Annotations

Branches:
Dungeon (11/15)            Temple (1/1) D:5            Lair (0/5) D:9
    Orc (0/2) D:10         Bailey (visited)

Altars:
Ashenzari
Cheibriados
Dithmenos
Elyvilon
Fedhas
Gozag
Hepliaklqana
Kikubaaqudgha
Makhleb
Nemelex Xobeh
Okawaru
Qazlal
Ru
Sif Muna
Trog
Uskayaw
Vehumet
Wu Jian
Xom
Yredelemnul
Zin
The Shining One

Shops:
D:2 =   D:5 [   D:10 ?   D:11 [

Annotations:
D:10 1 runed translucent door


Innate Abilities, Weirdness & Mutations

You are immune to sickness and miasma.
Your stone body is resilient. (AC +8)
You are immune to poison.
You resist negative energy. (rN+)
You are resistant to electric shocks. (rElec)
You are resistant to unholy torment.
You are immune to petrification.


Message History

You kill the spriggan!
Vehumet accepts your kill.
Your Evocations skill increases to level 3!
You start waiting.
You feel less confused.
You start waiting.
Done waiting.
You start waiting.
Done waiting.
The two-headed ogre shouts in stereo!
The two-headed ogre hits you with a +0 giant spiked club! x2
You hit the two-headed ogre.
The two-headed ogre is poisoned.
The two-headed ogre is lightly wounded.
You block the two-headed ogre's attack.
The two-headed ogre hits you with a +0 giant spiked club!
You hit the two-headed ogre.
The two-headed ogre looks as sick as possible!
The two-headed ogre is lightly wounded.
You hit the two-headed ogre.
The two-headed ogre looks as sick as possible!
The two-headed ogre is moderately wounded.
You block the two-headed ogre's attack. x2
You barely miss the two-headed ogre.
The two-headed ogre is heavily wounded.
The two-headed ogre hits you with a +0 giant spiked club!
You block the two-headed ogre's attack.
You are too injured to fight recklessly!
You are too injured to fight recklessly!
You are too injured to fight recklessly!
You are too injured to fight recklessly!
You are too injured to fight recklessly!
You are too injured to fight recklessly!
You are too injured to fight recklessly!
You are too injured to fight recklessly!
You bludgeon the two-headed ogre!!
The two-headed ogre is severely wounded.
The two-headed ogre hits you with a +0 giant spiked club!
* * * LOW HITPOINT WARNING * * *
The two-headed ogre hits you with a +0 giant spiked club!
You die...

............................#
............................#
...........∩................#
........................^...#....
............................#....
............................#....
............................#....
............................#....
................@O..........#....
#####.....######...#####....#....
#..........#^......#.........
#..........#.......#....#....
#..........#.......#....#....
#..........#.......#....#....
#...########.############....
#........# ..#...............
....#........# #..........#....


You could see a two-headed ogre (extremely poisoned).

Vanquished Creatures
  2 two-headed ogres
  A boulder beetle (D:11)
  Sonja (D:11)
  Pikel (D:5)
  An orc knight (Bailey)
  A manticore (D:11)
  2 trolls
  Prince Ribbit (D:6)
  A raiju (shapeshifter) (D:10)
  2 vampires
  6 yaks (D:9)
  2 wyverns
  A spriggan (shapeshifter) (D:11)
  A wraith (D:6)
  Grum (D:8)
  A steam dragon (D:8)
  Menkaure (D:5)
  4 vampire mosquitoes
  7 water moccasins
  Duvessa (D:5)
  6 orc warriors
  3 ice beasts
  6 black bears
  5 ogres
  2 wolves (D:8)
  10 centaurs
  5 phantoms
  A kobold brigand (D:7)
  4 bullfrogs
  2 gnoll sergeants
  2 scorpions
  13 wights
  A water moccasin zombie (D:6)
  Dowan (D:5)
  A howler monkey (D:8)
  2 centaur zombies (D:6)
  A bombardier beetle (D:5)
  2 bullfrog zombies (D:6)
  3 bullfrog skeletons (D:6)
  2 hounds
  5 orc priests
  5 jellies
  2 gnoll boudas
  7 orc wizards
  4 sleepcaps
  5 iguanas
  29 gnolls
  17 adders
  A white imp (D:5)
  An ufetubus (D:6)
  3 dart slugs
  3 ribbon worms
  56 orcs
  4 endoplasms
  3 giant cockroaches
  11 goblins
  12 hobgoblins
  4 jackals (D:1)
  26 kobolds
  3 quokkas
  2 ball pythons
  3 bats (D:1)
  3 frilled lizards
  7 rats
326 creatures vanquished.

Vanquished Creatures (others)
  An adder (D:3)
1 creature vanquished.

Grand Total: 327 creatures vanquished

Notes
Turn   | Place    | Note
-------+----------+-------------------------------------------
     0 | D:1      | Ijustatesigmund the Gargoyle Fighter began the quest for
                  | the Orb.
     0 | D:1      | Reached XP level 1. HP: 14/14 MP: 1/1
   118 | D:1      | Reached XP level 2. HP: 19/19 MP: 2/2
   699 | D:2      | Reached XP level 3. HP: 20/23 MP: 3/3
   987 | D:2      | Found Ofufoyl's Jewellery Boutique.
  1402 | D:3      | Reached XP level 4. HP: 29/29 MP: 4/4
  1501 | D:3      | Found a shadowy altar of Dithmenos.
  2057 | D:4      | Reached XP level 5. HP: 33/33 MP: 5/5
  2087 | D:4      | Reached skill level 4 in Shields
  2183 | D:4      | Noticed a centaur
  2185 | D:4      | Reached XP level 6. HP: 34/39 MP: 6/6
  2308 | D:4      | Noticed a black bear
  2334 | D:4      | Killed a black bear
  2367 | D:4      | Reached XP level 7. HP: 23/44 MP: 7/7
  2579 | D:4      | Reached skill level 5 in Maces & Flails
  2814 | D:4      | Found a basalt altar of Yredelemnul.
  2870 | D:5      | Entered Level 5 of the Dungeon
  2880 | D:4      | Reached skill level 5 in Armour
  2887 | D:4      | Reached skill level 5 in Fighting
  2887 | D:4      | Reached skill level 5 in Shields
  3368 | D:5      | Found Kuthaege's Antique Armour Shop.
  3433 | D:5      | Noticed Duvessa
  3434 | D:5      | Noticed Dowan
  3446 | D:5      | Killed Duvessa
  3463 | D:5      | Killed Dowan
  3464 | D:5      | Reached XP level 8. HP: 34/50 MP: 8/8
  3642 | D:5      | Found a staircase to the Ecumenical Temple.
  3662 | Temple   | Entered the Ecumenical Temple
  3701 | D:5      | Noticed Pikel
  3712 | D:5      | Found an ornate altar of the Wu Jian Council.
  4072 | D:5      | Killed Pikel
  4073 | D:5      | Reached skill level 6 in Shields
  4337 | D:5      | Noticed Menkaure
  4347 | D:5      | Killed Menkaure
  4348 | D:5      | Reached XP level 9. HP: 23/56 MP: 9/9
  4622 | D:5      | Found an iron altar of Okawaru.
  5113 | D:6      | Reached skill level 7 in Shields
  5780 | D:6      | Noticed Prince Ribbit
  6016 | D:6      | Found a radiant altar of Vehumet.
  6020 | D:6      | Became a worshipper of Vehumet
  6040 | D:6      | Found a bloodstained altar of Trog.
  6115 | D:6      | Reached skill level 8 in Shields
  6115 | D:6      | Reached XP level 10. HP: 62/64 MP: 10/10
  6124 | D:6      | Found a shimmering blue altar of Sif Muna.
  6289 | D:6      | Killed Prince Ribbit
  6290 | D:6      | Reached skill level 1 in Dodging
  7011 | D:7      | Reached * piety under Vehumet
  7011 | D:7      | Offered knowledge of Sting by Vehumet.
  7014 | D:7      | Learned a level 1 spell: Sting
  7147 | D:7      | Reached skill level 1 in Conjurations
  7152 | D:7      | Reached skill level 1 in Spellcasting
  7849 | D:8      | Offered knowledge of Sandblast by Vehumet.
  7853 | D:8      | Learned a level 1 spell: Sandblast
  7970 | D:8      | Reached ** piety under Vehumet
  7971 | D:8      | Reached skill level 1 in Earth Magic
  8482 | D:8      | Identified a scroll of acquirement
  8482 | D:8      | Acquired a manual of Shields
  8524 | D:8      | Noticed Grum
  8544 | D:8      | Killed Grum
  9391 | D:9      | Found a flagged portal.
  9394 | Bailey   | Entered a bailey
  9885 | Bailey   | Reached XP level 11. HP: 68/68 MP: 16/16
 10093 | Bailey   | Noticed an orc knight
 10113 | Bailey   | Killed an orc knight
 10185 | Bailey   | Offered knowledge of Mephitic Cloud by Vehumet.
 10335 | Bailey   | Identified the amulet "Keistuty" {RegenMP rPois Will- MP+9
                  | Dex+5}
 10357 | Bailey   | Reached skill level 5 in Conjurations
 10622 | D:9      | Found a hide-covered altar of Uskayaw.
 10880 | D:8      | Reached *** piety under Vehumet
 11095 | D:9      | Reached skill level 5 in Earth Magic
 11138 | D:9      | Found a staircase to the Lair.
 11211 | D:9      | Offered knowledge of Inner Flame by Vehumet.
 12165 | D:10     | Entered Level 10 of the Dungeon
 12303 | D:10     | Found a runed translucent door.
 12303 | D:10     | Found a burning altar of Makhleb.
 12303 | D:10     | Noticed a sixfirhy
 12332 | D:10     | Reached skill level 9 in Shields
 12396 | D:10     | Noticed a two-headed ogre
 12407 | D:10     | Killed a two-headed ogre
 12627 | D:10     | Found a staircase to the Orcish Mines.
 12699 | D:10     | Reached **** piety under Vehumet
 12809 | D:10     | Found Gofot's Magic Scroll Boutique.
 12812 | D:10     | Bought a scroll of fog for 48 gold pieces
 12812 | D:10     | Bought a scroll of enchant weapon for 90 gold pieces
 12812 | D:10     | Bought 3 scrolls of identify for 72 gold pieces
 12812 | D:10     | Bought a scroll of identify for 24 gold pieces
 12812 | D:10     | Bought a scroll of enchant weapon for 90 gold pieces
 12812 | D:10     | Bought a scroll of brand weapon for 114 gold pieces
 12812 | D:10     | Bought a scroll of teleportation for 36 gold pieces
 12812 | D:10     | Bought a scroll of teleportation for 36 gold pieces
 13038 | D:10     | Noticed an entropy weaver
 13307 | D:11     | Reached skill level 10 in Shields
 13316 | D:11     | Noticed a two-headed ogre
 13664 | D:11     | Noticed Sonja
 13679 | D:11     | Killed Sonja
 13680 | D:11     | Reached skill level 1 in Evocations
 13936 | D:11     | Noticed a boulder beetle
 13946 | D:11     | Killed a boulder beetle
 13995 | D:11     | Found Bumax's Armour Emporium.
 14003 | D:11     | Bought the +1 pair of boots of Modesty {Fly Slay+3} for 468
                  | gold pieces
 14056 | D:11     | Reached skill level 11 in Shields
 14056 | D:11     | Reached XP level 12. HP: 62/77 MP: 19/19
 14180 | D:11     | Noticed a two-headed ogre
 14189 | D:11     | Killed a two-headed ogre
 14190 | D:11     | Reached skill level 10 in Fighting
 14571 | D:11     | Slain by a two-headed ogre

Illustrated notes

Levels and vault maps discovered:
D:1:      sevenhm_arrival_forest_fort_large_2, layout_rooms
D:2:      minmay_general_purpose_star, layout_loops_ring, serial_shops,
          nicolae_shop_back_alley_shop
D:3:      layout_basic, grunt_dithmenos_smoke_and_mirrors, minmay_unequal
D:4:      layout_gridville, mainiacjoe_overflow_concentric_impassable,
          grunt_tough_drop
D:5:      layout_basic, okawaru_altar_gauntlet_db, mainiacjoe_overflow_catwalk,
          minmay_temple_entry_large_hall, serial_shops, shop,
          serial_library_hellmonk_room_a, kennysheep_flooded_box, uniq_duvessa,
          uniq_pikel, uniq_menkaure
D:6:      minmay_chambers_of_fours, layout_loops_ring, marbit_many_paths,
          mainiacjoe_overflow_big_doors, serial_undead, serial_undead_c,
          serial_undead_c, serial_undead_a, serial_undead_f,
          minmay_divided_ellipse, uniq_prince_ribbit1
D:7:      layout_basic
D:8:      layout_layer_cave, uniq_grum
D:9:      layout_cave_pools, mainiacjoe_overflow_tiny_flanked,
          due_lair_maze_entry_diamond, lightli_bailey_entry_fortress
D:10:     layout_grid_maze, nzn_makhleb_speed_demon, orc_0_dummy, serial_shops,
          shop
D:11:     layout_grid_maze, serial_shops, shop, grunt_decor_junction, uniq_sonja
Temple:   compressed_dpeg_triangle_lava_temple

Skill      XL: |  1  2  3  4  5  6  7  8  9 10 11 12 |
---------------+-------------------------------------+-----
Maces & Flails | 3 4 5 6 7 8 |  8.1
Fighting       | 4 5 6 8 9 10 | 10.2
Armour         | 4 5 6 8 |  8.0
Shields        | 4 5 6 8 11 | 11.5
Dodging        | 4 |  4.0
Conjurations   | 4 5 |  5.7
Spellcasting   | 3 4 |  4.8
Earth Magic    | 3 5 |  5.5
Evocations     | 2 3 |  3.0

Action                     |  1- 3 |  4- 6 |  7- 9 | 10-12 || total
---------------------------+-------+-------+-------+-------++-------
  Melee: Flail             |    71 |       |       |       ||    71
         Morningstar       |    72 |   136 |   419 |   704 ||  1331
   Cast: Sandblast         |       |       |       |     1 ||     1
  Evoke: Wand              |       |       |       |    10 ||    10
    Use: Scroll            |       |     5 |     5 |    26 ||    36
         Potion            |       |     1 |     5 |    11 ||    17
   Stab: Invisible         |       |     2 |       |       ||     2
 Armour: Scale mail        |   114 |   134 |   347 |   666 ||  1261
         Skin              |       |       |       |     4 ||     4
  Dodge: Dodged            |    72 |    96 |   177 |   387 ||   732
  Block: Buckler           |    39 |    37 |    74 |       ||   150
         Kite shield       |       |       |    50 |   620 ||   670
